 Dungeon Crawl Stone Soup version 0.26.1-2-gb8aa6d0cf2 (webtiles) character file.

Game seed: 12718021727335073579

570 Amaterasu the Slasher (level 7, -1/63 HPs)
             Began as a Minotaur Fighter on Feb 13, 2021.
             Was a Follower of Okawaru.
             Slain by an ogre
             ... wielding a +0 giant club
              (8 damage)
             ... on level 4 of the Dungeon.
             The game lasted 00:04:05 (4395 turns).

Amaterasu the Slasher (Minotaur Fighter)            Turns: 4395, Time: 00:04:06

Health: -1/63      AC: 12    Str: 22    XL:     7   Next: 11%
Magic:  6/6        EV:  6    Int:  5    God:    Okawaru [*.....]
Gold:   294        SH:  9    Dex: 10    Spells: 6/6 levels left

rFire    + . .     SeeInvis .   a - +0 long sword
rCold    . . .     Faith    +   c - +0 kite shield
rNeg     . . .     Spirit   .   n - +3 chain mail {rF+}
rPois    .         Reflect  .   (helmet restricted)
rElec    .         Harm     .   (no cloak)
rCorr    .         Rampage  .   (no gloves)
Will     .....                  (no boots)
Stlth    ..........             m - amulet of faith
HPRegen  0.20/turn              (no ring)
MPRegen  0.10/turn              (no ring)

@: no status effects
A: retaliatory headbutt, horns 2
a: Renounce Religion, Heroism


You were on level 4 of the Dungeon.
You worshipped Okawaru.
Okawaru was aware of your devotion.
You visited 1 branch of the dungeon, and saw 5 of its levels.

You collected 294 gold pieces.

Inventory:

Hand Weapons
 a - a +0 long sword (weapon)
Armour
 c - a +0 kite shield (worn)
 n - a +3 chain mail of fire resistance (worn)
Jewellery
 m - an amulet of faith (around neck)
 p - an uncursed ring of poison resistance
Wands
 l - a wand of flame (16)
Scrolls
 i - a scroll of remove curse
 k - a scroll of fog
Potions
 b - a potion of mutation
 d - a potion of might
 e - a potion of heal wounds
 f - 4 potions of curing
 g - a potion of attraction {unknown}
 h - 2 potions of degeneration {unknown}
 j - a potion of cancellation {unknown}
 o - a potion of lignification {unknown}


   Skills:
 - Level 6.0 Fighting
 * Level 6.6 Long Blades
 * Level 4.6 Armour
 * Level 1.3 Dodging
 * Level 4.3 Shields
 * Level 1.2 Invocations


You had 6 spell levels left.
You didn't know any spells.
Your spell library contained the following spells:

 Spells                   Type           Power        Failure   Level
 Corona                   Hex            0%           100%        1
 Ensorcelled Hibernation  Hex/Ice        0%           100%        2
 Confusing Touch          Hex            0%           100%        3
 Dazzling Flash           Conj/Hex       0%           100%        3
 Tukima's Dance           Hex            0%           100%        3


Dungeon Overview and Level Annotations

Branches:
Dungeon (5/15)             Temple (0/1) D:4

Altars:
Ashenzari
Dithmenos
Elyvilon
Hepliaklqana
Okawaru
Qazlal
Ru
Trog
Vehumet
Yredelemnul
Zin


Innate Abilities, Weirdness & Mutations

You reflexively headbutt those who attack you in melee.
You have a pair of horns on your head.


Message History

You are too injured to fight recklessly!
You are too injured to fight recklessly!
You are too injured to fight recklessly!
You are too injured to fight recklessly!
You are too injured to fight recklessly!
You are too injured to fight recklessly!
You are too injured to fight recklessly!
You are too injured to fight recklessly!
You are too injured to fight recklessly!
You are too injured to fight recklessly!
An adder comes into view.
There is a stone staircase leading up here.
The ogre hits you with a +0 giant club!
* * * LOW HITPOINT WARNING * * *
You climb upwards.
There is a stone staircase leading down here.
You hit the ogre.
The ogre is severely wounded.
The ogre hits you with a +0 giant club!
You die...

.#...#..##.....######
........##.....####.###
.......##......#......#
#.......#####.........#######
#.......##.###.........#....##
......................[.....)#
...........#.................#
..........##............._...#
..........#....O@...)..._8...#
......###.............#.._...#
......# #.............#.....##
....#####...[..........######
...###..#....#........##
...#.........##........#
.......#......##.......##
......###......##.......#
..#...##.............#.####


You could see an ogre.

Vanquished Creatures
  A phantom (D:4)
  An ogre (D:5)
  A centaur zombie (D:5)
  2 hounds (D:4)
  A bullfrog skeleton (D:4)
  2 orc wizards (D:4)
  A worker ant (D:4)
  Robin (D:2)
  7 adders
  An ooze (D:3)
  3 worms
  2 leopard geckos
  7 orcs
  5 bats
  5 giant cockroaches
  14 goblins
  7 hobgoblins
  6 jackals (D:4)
  4 quokkas
  3 ball pythons
  4 frilled lizards
  2 gnoll zombies (D:3)
  A jackal skeleton (D:4)
  7 kobolds
  8 rats
96 creatures vanquished.

Vanquished Creatures (others)
  An orc wizard (D:4)
1 creature vanquished.

Grand Total: 97 creatures vanquished

Notes
Turn   | Place    | Note
-------+----------+-------------------------------------------
     0 | D:1      | Amaterasu the Minotaur Fighter began the quest for the Orb.
     0 | D:1      | Reached XP level 1. HP: 19/19 MP: 0/0
   210 | D:1      | Reached XP level 2. HP: 27/27 MP: 1/1
   717 | D:2      | Noticed Robin
   733 | D:2      | Killed Robin
   734 | D:2      | Reached XP level 3. HP: 24/34 MP: 2/2
  1470 | D:2      | Reached skill level 5 in Fighting
  1470 | D:2      | Reached XP level 4. HP: 30/42 MP: 3/3
  1877 | D:2      | Found a broken altar of Ashenzari.
  2473 | D:3      | Found a stormy altar of Qazlal.
  2799 | D:3      | Reached skill level 5 in Long Blades
  3021 | D:3      | Reached XP level 5. HP: 45/48 MP: 4/4
  3084 | D:3      | Found a basalt altar of Yredelemnul.
  3479 | D:4      | Found an iron altar of Okawaru.
  3481 | D:4      | Found a sacrificial altar of Ru.
  3482 | D:4      | Found a white marble altar of Elyvilon.
  3487 | D:4      | Became a worshipper of Warmaster Okawaru
  3491 | D:4      | Noticed a phantom
  3524 | D:4      | Killed a phantom
  3582 | D:4      | Reached XP level 6. HP: 54/57 MP: 5/5
  3643 | D:4      | Found a radiant altar of Vehumet.
  3696 | D:4      | Found a staircase to the Ecumenical Temple.
  3767 | D:4      | Reached * piety under Okawaru
  3884 | D:4      | Reached skill level 1 in Dodging
  3989 | D:4      | Found a bloodstained altar of Trog.
  4029 | D:4      | Found a glowing silver altar of Zin.
  4029 | D:4      | Found a shadowy altar of Dithmenos.
  4103 | D:4      | Found a hazy altar of Hepliaklqana.
  4108 | D:4      | Reached skill level 1 in Invocations
  4171 | D:5      | Entered Level 5 of the Dungeon
  4289 | D:5      | Reached XP level 7. HP: 49/63 MP: 6/6
  4395 | D:4      | Slain by an ogre

Illustrated notes

Levels and vault maps discovered:
D:1:      onia_arrival_pentagram, layout_basic, minivault_27
D:2:      layout_loops_ring, nicolae_overflow_hidden_temple, minmay_ruptured,
          uniq_robin
D:3:      layout_basic, nicolae_qazlal_general_emergency,
          lemuel_zombie_altar_yredelemnul
D:4:      layout_cave_pools, lemuel_coloured_pillars_altar,
          chequers_temple_overflow_statue_of_worship, vehumet_altar_wand_db,
          lightli_temple_of_fire, gammafunk_temple_overflow_statue,
          minmay_temple_entry_offerings
D:5:      layout_cave_pools, nzn_wu_jian_council_hall

Skill      XL: |  1  2  3  4  5  6 |
---------------+-------------------+-----
Fighting       | 4 5 6 |  6.0
Long Blades    | 3 4 5 6 |  6.6
Armour         | 4 |  4.6
Shields        | 4 |  4.3
Dodging        | 1 |  1.3
Invocations    | 1 |  1.2

Action                   |  1- 3 |  4- 6 |  7- 9 || total
-------------------------+-------+-------+-------++-------
Melee: Long sword        |    83 |   162 |     5 ||   250
       Headbutt          |    12 |    34 |     1 ||    47
  Use: Scroll            |     4 |     6 |       ||    10
Armor: Scale mail        |    40 |    18 |       ||    58
       Chain mail        |       |    58 |     4 ||    62
Dodge: Dodged            |    35 |    34 |     2 ||    71
Block: Kite shield       |    47 |    77 |     3 ||   127
       Rpst.: Long sword |    11 |    12 |       ||    23
